 Dungeon Crawl Stone Soup version 0.28.0-47-ge53b351184 (webtiles) character file.

Game seed: 13232793526464409507

1570 bobregger the Basher (level 8, -4/78 HPs)
             Began as an Ogre Berserker on May 5, 2022.
             Was a Believer of Trog.
             Slain by a gnoll shaman
             ... wielding a +0 club
              (7 damage)
             ... on level 5 of the Dungeon.
             The game lasted 00:10:15 (6132 turns).

bobregger the Basher (Ogre Berserker)               Turns: 6132, Time: 00:10:16

Health: -4/78      AC:  3    Str: 22    XL:     8   Next: 90%
Magic:  8/8        EV: 10    Int:  8    God:    Trog [**....]
Gold:   261        SH:  0    Dex: 10    Spells: 7/7 levels left

rFire   . . .      SeeInvis .   l - +0 morningstar
rCold   . . .      Faith    .   (no shield)
rNeg    + . .      Spirit   .   b - +0 animal skin
rPois   +          Reflect  .   (helmet restricted)
rElec   .          Harm     .   (no cloak)
rCorr   .          Rampage  .   (gloves unavailable)
Will    .....                   (boots unavailable)
Stlth   +.........              m - amulet of regeneration
HPRegen 1.03/turn               d - ring of poison resistance
MPRegen 0.11/turn               g - ring of positive energy

@: on berserk cooldown, slowed, very slow
A: large, unfitting armour, tough skin 1
a: Renounce Religion, Berserk, Trog's Hand


You were on level 5 of the Dungeon.
You worshipped Trog.
Trog was pleased with you.
You visited 1 branch of the dungeon, and saw 8 of its levels.

You collected 261 gold pieces.

Inventory:

Hand Weapons
 l - a +0 morningstar (weapon)
Armour
 b - a +0 animal skin (worn)
Jewellery
 d - a ring of poison resistance (left hand)
 f - an amulet of reflection
 g - a ring of positive energy (right hand)
 k - a ring of fire
 m - an amulet of regeneration (around neck)
Scrolls
 a - a scroll of magic mapping {unknown}
 c - a scroll of identify {unknown}
 e - a scroll of immolation {unknown}
 h - 3 scrolls of fog {unknown}
 j - 4 scrolls of teleportation {unknown}
 n - a scroll of vulnerability {unknown}
 o - 2 scrolls of enchant weapon {unknown}
 q - a scroll of silence {unknown}
Potions
 i - 2 potions of berserk rage {unknown}
 p - a potion of mutation {unknown}


   Skills:
 - Level 4.0 Fighting
 + Level 10.3 Maces & Flails
 - Level 2.6 Dodging


You had 7 spell levels left.
You didn't know any spells.
Your spell library was empty.

Dungeon Overview and Level Annotations

Branches:
Dungeon (8/15)
 Temple: D:4-7         Lair: D:8-11

Altars:

Annotations:
D:4 2 runed translucent doors


Innate Abilities, Weirdness & Mutations

You are too large for most types of armour.
You have tough skin. (AC +1)


Message History

* * * LOW HITPOINT WARNING * * *
The gnoll hits you with a +0 club.
* * * LOW HITPOINT WARNING * * *
A bullfrog comes into view.
The gnoll sergeant hits you from afar with a +0 trident.
* * * LOW HITPOINT WARNING * * *
The howler monkey hits you but does no damage.
You rip the net and break free!
You feel your anger nearly subside.
The bullfrog gives a loud, deep croak!
You hear a shout!
The gnoll hits you with a +0 whip.
* * * LOW HITPOINT WARNING * * *
The gnoll shaman hits you but does no damage.
Unknown command.
You are no longer berserk.
You are exhausted.
You feel yourself slow down. The howler monkey hits you.
* * * LOW HITPOINT WARNING * * *
The gnoll hits you with a +0 club.
* * * LOW HITPOINT WARNING * * *
The gnoll hits you from afar with a +0 spear.
* * * LOW HITPOINT WARNING * * *
The gnoll sergeant hits you from afar with a +0 trident.
* * * LOW HITPOINT WARNING * * *
The bullfrog releases a deep croak.
You climb upwards.
There is a stone staircase leading down, spattered with blood here.
You feel better. The howler monkey hits you.
* * * LOW HITPOINT WARNING * * *
The gnoll hits you with a +0 whip.
* * * LOW HITPOINT WARNING * * *
The gnoll shaman hits you with a +0 club.
* * * LOW HITPOINT WARNING * * *
The gnoll hits you with a +0 club.
* * * LOW HITPOINT WARNING * * *
The howler monkey hits you.
* * * LOW HITPOINT WARNING * * *
The gnoll barely misses you.
The gnoll shaman hits you with a +0 club!
You die...

##### #.... #.### #.#.# #.#..
################.#.#
#.........)......#.#
##############.################.#
...............g@### #..........#
##############.hgg.###.#######..#
#....#.....# #... #####...#.....#
#.## ###########.............#
#.# ....................#..## #.#
###########.###...#.#..##### #.##
.# #.#####.#........# #...
.##########.#.......#......# ####


You could see a gnoll shaman, a howler monkey and 2 gnolls.

Vanquished Creatures
  Sigmund (D:2)
  The ghost of acdeimund the Skirmisher, an amateur HOFi (D:3)
  A wyvern (D:4)
  A water moccasin (D:4)
  An ice beast (D:5)
  An orc warrior (D:4)
  A phantom (D:4)
  2 bullfrogs
  A scorpion (D:5)
  A water moccasin zombie (D:5)
  A bullfrog zombie (D:5)
  An orc priest (D:7)
  3 hounds
  Terence (D:2)
  A bullfrog skeleton (D:5)
  An iguana (D:4)
  An orc wizard (D:3)
  A hound zombie (D:4)
  Robin (D:2)
  3 gnolls
  8 adders
  A white imp (D:5)
  4 worms
  4 dart slugs
  11 orcs
  15 endoplasms
  4 giant cockroaches
  13 goblins
  6 hobgoblins
  8 jackals
  6 kobolds
  3 quokkas
  5 ball pythons
  7 bats
  A frilled lizard (D:1)
  4 rats
125 creatures vanquished.

Notes
Turn   | Place    | Note
-------+----------+-------------------------------------------
     0 | D:1      | bobregger the Ogre Berserker began the quest for the Orb.
     0 | D:1      | Reached XP level 1. HP: 24/24 MP: 1/1
    92 | D:1      | Found a faded altar of an unknown god.
   129 | D:1      | Reached skill level 3 in Maces & Flails
   358 | D:1      | Reached XP level 2. HP: 21/32 MP: 2/2
  1003 | D:2      | Noticed Terence
  1008 | D:2      | Killed Terence
  1009 | D:2      | Reached skill level 4 in Maces & Flails
  1009 | D:2      | Reached XP level 3. HP: 39/39 MP: 3/3
  1022 | D:2      | Noticed Robin
  1228 | D:2      | Reached XP level 4. HP: 42/48 MP: 4/4
  1295 | D:2      | Killed Robin
  1497 | D:2      | Reached ** piety under Trog
  1644 | D:2      | Noticed Sigmund
  1671 | D:2      | Killed Sigmund
  1672 | D:2      | Reached skill level 6 in Maces & Flails
  1672 | D:2      | Reached XP level 5. HP: 9/54 MP: 5/5
  1672 | D:2      | Reached XP level 6. HP: 10/62 MP: 6/6
  2980 | D:3      | Found a large runed translucent door.
  2981 | D:3      | Found a large runed translucent door.
  2985 | D:3      | Noticed acdeimund's ghost (amateur HOFi)
  3258 | D:3      | Killed acdeimund's ghost
  3259 | D:3      | Reached skill level 7 in Maces & Flails
  3259 | D:3      | Reached XP level 7. HP: 58/70 MP: 7/7
  4177 | D:4      | Found a large runed translucent door.
  4177 | D:4      | Found a large runed translucent door.
  4240 | D:4      | Noticed a wyvern
  4248 | D:4      | Found a large runed translucent door.
  4248 | D:4      | Found a large runed translucent door.
  4269 | D:4      | Killed a wyvern
  4270 | D:4      | Reached skill level 8 in Maces & Flails
  4275 | D:4      | Reached XP level 8. HP: 78/78 MP: 8/8
  4415 | D:4      | Identified the ring "Yssaqufi" {Ice rElec Will+++ Str-5
                  | Slay+5}
  4464 | D:4      | Reached skill level 9 in Maces & Flails
  4653 | D:4      | Reached *** piety under Trog
  5013 | D:5      | Entered Level 5 of the Dungeon
  5014 | D:5      | You fall into a shaft and drop 3 floors!
  5621 | D:5      | Reached skill level 10 in Maces & Flails
  5913 | D:5      | Identified the +1 robe of Jaduang {Int+4}
  6132 | D:5      | HP: 3/78 [howler monkey (1)]
  6132 | D:5      | Slain by a gnoll shaman

Illustrated notes

Levels and vault maps discovered:
D:1:      lemuel_arrival_funnel, layout_loops_ring,
          nicolae_ecumenical_snake_handling, st_stairs_11, serial_bayou_ford_a
D:2:      minmay_chambers_of_twos, layout_rooms, grunt_decor_cap, uniq_sigmund,
          uniq_robin, uniq_terence
D:3:      layout_loops_ring, ebering_ghost_disaster_area
D:4:      layout_basic, minmay_crystal_room, minmay_hollow_rounded_squares
D:5:      layout_basic
D:6:      layout_cave_pools, mainiacjoe_overflow_alcove_1,
          minmay_temple_entry_statues_fountains, serial_gnoll_camp,
          grums_kennel, gnoll_camp_medium_02, gnoll_camp_huts_moat,
          gnoll_camp_mini_doghouse
D:7:      layout_cave_pools, nicolae_qazlal_eye_of_the_storm, grunt_ogre_cave,
          minivault_19
D:8:      layout_loops_corners

Skill      XL: |  1  2  3  4  5  6  7  8 |
---------------+-------------------------+-----
Maces & Flails | 3 4 6 7 8 10 | 10.3
Fighting       | |  4.0
Dodging        | |  2.6

Action                   |  1- 3 |  4- 6 |  7- 9 || total
-------------------------+-------+-------+-------++-------
Melee: Mace              |    56 |   144 |       ||   200
       Punch             |     2 |     2 |     3 ||     7
       Morningstar       |       |    30 |   172 ||   202
Invok: Berserk           |     2 |     4 |     5 ||    11
       Trog's Hand       |       |     3 |     1 ||     4
  Use: Potion            |       |       |     7 ||     7
 Stab: Sleeping          |       |     1 |       ||     1
Armor: Animal skin       |    34 |    64 |    36 ||   134
       Skin              |       |       |     7 ||     7
Dodge: Dodged            |    42 |   114 |   117 ||   273
